 Dungeon Crawl Stone Soup version 0.27.1-3-gb3d3a73c9e (webtiles) character file.

Game seed: 1225978917371343206

588 ABBCCCDDDD the Sneak (level 7, 0/45 HPs)
             Began as an Octopode Hedge Wizard on Oct 19, 2021.
             Slain by an orc wizard (3 damage)
             ... on level 4 of the Dungeon.
             The game lasted 00:09:56 (7652 turns).

ABBCCCDDDD the Sneak (Octopode Hedge Wizard)        Turns: 7652, Time: 00:09:57

Health: 0/45       AC:  1    Str: 10    XL:     7   Next: 38%
Magic:  8/11       EV: 13    Int: 18    God:
Gold:   189        SH:  4    Dex: 11    Spells: 6/12 levels left

rFire    + + .     SeeInvis .   p - +3 dagger of Tiemeoh {freeze, rF++}
rCold    . . .     Faith    .   i - +0 buckler
rNeg     . . .     Spirit   .   b - +0 hat
rPois    .         Reflect  .   (no amulet)
rElec    .         Harm     .   (no ring)
rCorr    .         Rampage  .   (no ring)
Will     .....                  (no ring)
Stlth    ++++......             (no ring)
HPRegen  0.15/turn              (no ring)
MPRegen  0.12/turn              (no ring)
                                (no ring)
                                (no ring)

@: attractive
A: almost no armour, amphibious, 8 rings, camouflage 1, gelatinous body 1,
(nimble swimmer 1), tentacles
a: no special abilities


You were on level 4 of the Dungeon.
You visited 1 branch of the dungeon, and saw 5 of its levels.

You collected 189 gold pieces.

Inventory:

Hand Weapons
 a - a +0 dagger
 g - a +0 dagger of venom
 p - the +3 dagger of Tiemeoh (weapon) {freeze, rF++}
   (You took it off a kobold on level 4 of the Dungeon)

   It freezes those it strikes, dealing additional cold damage.
   It can also slow down cold-blooded creatures.
   rF:        It greatly protects you from fire.
Missiles
 o - 12 poisoned darts (quivered)
Armour
 b - a +0 hat (worn)
 i - a +0 buckler (worn)
Magical Staves
 k - a staff of earth
 l - a staff of fire
Scrolls
 e - a scroll of identify {unknown}
 h - a scroll of teleportation
 j - a scroll of summoning {unknown}
 q - 2 scrolls of noise {unknown}
Potions
 c - a potion of haste {unknown}
 d - 2 potions of heal wounds {unknown}
 f - a potion of attraction
 m - a potion of flight {unknown}
 n - 2 potions of lignification {unknown}


   Skills:
 + Level 2.8 Fighting
 - Level 2.0 Dodging
 + Level 5.1 Stealth
 * Level 3.4 Shields
 - Level 3.0 Spellcasting
 + Level 3.7 Conjurations
 - Level 1.0 Summonings
 - Level 1.0 Translocations
 - Level 2.0 Air Magic
 + Level 2.5 Poison Magic


You had 6 spell levels left.
You knew the following spells:

 Your Spells              Type           Power      Damage    Failure   Level
a - Magic Dart            Conj           64%        1d6       3%          1
b - Blink                 Tloc           N/A        N/A       17%         2
c - Mephitic Cloud        Conj/Pois/Air  12%        N/A       17%         3

Your spell library contained the following spells:

 Spells                   Type           Power      Damage    Failure   Level
 Call Imp                 Summ           6%         N/A       17%         2
 Conjure Flame            Conj/Fire      9%         6-21      24%         3
 Slow                     Hex            2%         N/A       26%         2


Dungeon Overview and Level Annotations

Branches:
Dungeon (5/15)
 Temple: D:4-7

Altars:
Lugonu

Portals:
Abyss: D:3

Annotations:
D:3 Ijyb
D:4 Duvessa


Innate Abilities, Weirdness & Mutations

You cannot wear most types of armour.
You are amphibious.
You can wear up to eight rings at the same time.
Your skin changes colour to match your surroundings (Stealth+).
Your rubbery body absorbs attacks. (AC +1, EV +1)
((You are camouflaged near water. (Stealth+)))
You have tentacles for arms and can constrict up to eight enemies at once.


Message History

Confirm with . or Enter, or press ? or * to list all spells.
You can't see any susceptible monsters within range! (Use Z to cast anyway.) Unknown command.
There is a stone staircase leading up here.
Something hits you.
You climb upwards.
Level annotation: Duvessa Reactivating autopickup.
There is a stone staircase leading down here.
No target in view!
Something hits you.
Deactivating autopickup; reactivate with Ctrl-A.
You hear some strange, mumbled words.
Something tries to affect you, but you resist.
There is a stone staircase leading down here.
You hit something. You freeze something. Something hits you.
You miss something. Your squeeze misses something. Something hits you.
You hit something but do no damage. Your squeeze misses something.
Something hits you.
You hit something but do no damage. Something hits you.
You hit something. You freeze something. Your squeeze misses something.
You block something's attack.
You miss something. You squeeze something. Something hits you.
You miss something. Something hits you.
You closely miss something. Something hits you.
You miss something. Something hits you.
* * * LOW HITPOINT WARNING * * *
You hit something. You freeze something. Your squeeze misses something.
Something hits you.
* * * LOW HITPOINT WARNING * * *
You hear some strange, mumbled words.
A puff of flame appears from out of thin air!
The puff of flame hits you. You resist.
* * * LOW HITPOINT WARNING * * *
You miss something. Something hits you.
* * * LOW HITPOINT WARNING * * *
It was a potion of attraction.
You feel attractive to monsters. Something hits you.
You die...

#.# #######.###### ###
#.# #............# ..#
##.# #.####.#####.# #.#
##.###.####<# #.# #.#
.(........#)#####.# #.#
##.###.##.#..).##[# #.#
#># #.##.####.##.# #.#
#.# #)##.####.##.# #.#
#.# #..(.......@)## #.#
#.# ####.##...{...# #)#
#.######.##.#.###.####.#
##.##.....##.#.##..(....#
...##.............)####.#
...............###.####.#
.#####.#####.##.........#
.# #.# #.##.##.####.# .##
#.# ###.##.##.# #.#


There were no monsters in sight!

Levels and vault maps discovered:
D:1:      heliophobic_arrival_battle_scene, layout_basic
D:2:      layout_loops_ring, shapermc_ecumenical_altar_gd,
          hangedman_feature_mirror
D:3:      layout_loops_cross, roderic_serpentine_path,
          amcnicky_altar_lugonu_corruption, uniq_ijyb, uniq_crazy_yiuf_cottage
D:4:      layout_loops_ring, uniq_duvessa, uniq_blork_the_orc
D:5:      layout_rooms, gup_sewer_entry_pipe, serial_glass, glass_columns_a,
          glass_columns_c, glass_columns_a

Notes
Turn   | Place    | Note
-------+----------+-------------------------------------------
     0 | D:1      | ABBCCCDDDD the Octopode Hedge Wizard began the quest for
                  | the Orb.
     0 | D:1      | Reached XP level 1. HP: 11/11 MP: 4/4
   288 | D:1      | Reached skill level 3 in Stealth
   288 | D:1      | Reached XP level 2. HP: 18/18 MP: 3/6
  1111 | D:1      | Reached skill level 1 in Fighting
  1111 | D:1      | Reached XP level 3. HP: 19/23 MP: 7/7
  1442 | D:2      | Found a faded altar of an unknown god.
  2253 | D:2      | Reached XP level 4. HP: 12/28 MP: 3/8
  2552 | D:2      | Learned a level 2 spell: Blink
  2556 | D:2      | Learned a level 3 spell: Mephitic Cloud
  3366 | D:3      | Reached skill level 1 in Shields
  3914 | D:3      | Reached XP level 5. HP: 22/34 MP: 9/9
  4217 | D:3      | Reached skill level 4 in Stealth
  4226 | D:3      | Reached skill level 1 in Air Magic
  4226 | D:3      | Reached skill level 1 in Poison Magic
  4259 | D:3      | Found a corrupted altar of Lugonu.
  4259 | D:3      | Found a one-way gate to the infinite horrors of the Abyss.
  4273 | D:3      | Noticed Ijyb
  5683 | D:4      | Reached XP level 6. HP: 22/39 MP: 6/10
  5689 | D:4      | Identified the +3 dagger of Tiemeoh {freeze, rF++}
  6339 | D:5      | Entered Level 5 of the Dungeon
  6424 | D:5      | Noticed a necrophage
  6428 | D:5      | Noticed a black bear
  7092 | D:4      | Noticed Dowan
  7094 | D:4      | Noticed Duvessa
  7175 | D:4      | Killed Dowan
  7176 | D:4      | Reached XP level 7. HP: 14/45 MP: 0/11
  7444 | D:5      | Reached skill level 5 in Stealth
  7652 | D:4      | Slain by an orc wizard

Table legend: (Time is in decaauts)
 A = Elapsed time spent in this place.
 B = Non-inter-level travel time spent in this place.
 C = Inter-level travel time spent in this place.
 D = Time resting spent in this place.
 E = Time spent auto-exploring this place.
 F = Levels seen in this place.
 G = Mean time per level.
                   A        B        C        D        E       F      G
               +--------+--------+--------+--------+--------+-----+--------+
         Total |   7668 |   7394 |    274 |   3991 |   2363 |   5 | 1533.6 |
       Dungeon |   7668 |   7394 |    274 |   3991 |   2363 |   5 | 1533.6 |
               +--------+--------+--------+--------+--------+-----+--------+

Top non-repeatable levels by time:
     D:2: 2794 daAuts
     D:4: 1989 daAuts
     D:3: 1511 daAuts
     D:1: 1214 daAuts
     D:5: 159 daAuts

Table legend:
 A = Kills in this place as a percentage of kills in entire the game.
 B = Kills by you in this place as a percentage of kills by you in the entire game.
 C = Kills by friends in this place as a percentage of kills by friends in the entire game.
 D = Other kills in this place as a percentage of other kills in the entire game.
 E = Experience gained in this place as a percentage of experience gained in the entire game.
 F = Experience gained in this place divided by the number of levels of this place that you have seen.
                   A       B       C       D       E      F
               +-------+-------+-------+-------+-------+----------------------
         Total | 100.0 | 100.0 |   N/A |   N/A | 100.0 | 168.0
       Dungeon | 100.0 | 100.0 |   N/A |   N/A | 100.0 | 168.0
               +-------+-------+-------+-------+-------+----------------------

Action                   |  1- 3 |  4- 6 |  7- 9 || total
-------------------------+-------+-------+-------++-------
Melee: Dagger            |    28 |   109 |    18 ||   155
       Constrict         |     9 |    22 |     2 ||    33
       Tentacles         |     4 |    12 |     3 ||    19
Throw: Dart              |       |     9 |       ||     9
 Cast: Magic Dart        |    68 |    50 |       ||   118
       Mephitic Cloud    |       |     1 |     4 ||     5
       Blink             |       |     1 |       ||     1
  Use: Scroll            |       |     1 |       ||     1
       Potion            |       |       |     1 ||     1
 Stab: Sleeping          |     2 |     5 |       ||     7
       Confused          |       |       |     1 ||     1
Armor: Skin              |     3 |     6 |     1 ||    10
Dodge: Dodged            |    23 |    81 |     5 ||   109
Block: Buckler           |     2 |    19 |     3 ||    24

Vanquished Creatures
  A black bear (D:5)
  An ogre (D:4)
  A scorpion (D:4)
  Dowan (D:4)
  2 orc priests
  A centaur skeleton (D:4)
  An iguana (D:4)
  7 gnolls
  5 adders
  An ufetubus (D:4)
  2 worms (D:2)
  2 dart slugs (D:1)
  10 orcs
  9 ball pythons
  2 endoplasms
  2 giant cockroaches (D:2)
  5 goblins
  4 hobgoblins
  2 jackals (D:3)
  A quokka (D:3)
  6 bats
  5 frilled lizards
  7 kobolds
  6 rats
  2 lurking horrors (D:3)
86 creatures vanquished.

Vanquished Creatures (others)
  2 demonic plants (D:2)
  3 fungi (D:2)
  3 plants (D:2)
8 creatures vanquished.

Grand Total: 94 creatures vanquished
